AoeStats
← yvetteabernathydam

Black Forest

510860562Analyzed
4v4 RM · 13h ago on Oct 2, 2026· 49m 57s· 8 players
Game mode
Random Map
Map size
Large (8 player)
Population
200
Speed
Normal
Resources
Standard
Victory
Conquest
Starting age
Dark Age
Ending age
Imperial Age
RankedLock teamsTeams togetherTeam positionsShared explorationLock speedFull tech treeHidden civsTurbo modeCheats
Victory
Defeat
🇨🇳 Dravidians · China
1000
+43
🇧🇩 Goths · Bangladesh
928
+17
🇪🇸 Spanish · Spain
908
+18
🇹🇷 Britons · Türkiye
853
+20
🇹🇷 Vietnamese · Türkiye
1017
-20
🇹🇷 Spanish · Türkiye
937
-17
🇺🇸 Bulgarians · United States
930
-16
🇪🇸 Portuguese · Spain
908
-16
egozalor
0:33 Loom
14:36 Feudal Age
19:12 Castle Age
17:39 Double-Bit Axe
17:42 Horse Collar
19:27 Gold Mining
22:35 Wheelbarrow
27:42 Town Watch
27:49 Town Watch
31:56 Imperial Age
29:19 Man-at-Arms
29:44 Gambesons
30:13 Forging
29:54 Fletching
30:30 Ballistics
31:36 Iron Casting
32:04 Hand Cart
31:52 Town Patrol
33:14 Heavy Plow
34:13 Bow Saw
34:07 Elite Skirmisher
36:32 Chemistry
35:29 Bodkin Arrow
35:35 Padded Archer Armor
36:27 Imperial Skirmisher
43:26 Two-Man Saw
42:32 Bracer
42:47 Leather Archer Armor
44:05 Husbandry
43:27 Cavalier
47:56 Bloodlines
49:52 Conscription
12121212
1:14 Loom
12:24 Feudal Age
13:08 Horse Collar
13:15 Double-Bit Axe
21:35 Castle Age
19:58 Scale Mail Armor
20:02 Stone Mining
20:23 Gold Mining
21:37 Padded Archer Armor
22:41 Bow Saw
22:33 Heavy Plow
22:45 Caravan
23:20 Fortified Wall
26:28 Wheelbarrow
28:51 Elite Skirmisher
32:57 Imperial Age
30:36 Pikeman
35:21 Chemistry
34:45 Capped Ram
37:21 Heavy Mounted Crossbowman
39:24 Conscription
38:51 Imperial Skirmisher
mbettis243
0:33 Loom
13:50 Feudal Age
14:16 Double-Bit Axe
15:14 Wheelbarrow
14:25 Town Watch
14:29 Horse Collar
14:46 Gold Mining
16:36 Town Watch
22:21 Castle Age
21:23 Wheelbarrow
21:12 Stone Mining
24:20 Heavy Plow
35:08 Imperial Age
32:55 Hand Cart
35:31 Squires
35:17 Gambesons
35:17 Arson
35:34 Scale Mail Armor
35:24 Pikeman
36:08 Onager
37:54 Chemistry
37:16 Ballistics
36:24 Halberdier
37:15 Town Patrol
37:55 Conscription
37:55 Siege Engineers
38:03 Masonry
38:16 Ballistics
38:11 Careening
37:59 Murder Holes
39:55 Siege Onager
41:24 Chain Mail Armor
41:19 Forging
42:32 Crop Rotation
43:02 Bagains
46:22 Stirrups
46:35 Scale Barding Armor
46:41 Bloodlines
46:31 Husbandry
47:56 Elite Konnik
49:39 Plate Mail Armor
49:44 Iron Casting
49:38 Chain Barding Armor
49:54 Iron Casting
cagatai
5:31 Loom
12:03 Feudal Age
12:54 Feudal Age
17:05 Castle Age
15:15 Double-Bit Axe
15:15 Horse Collar
15:41 Gold Mining
18:16 Bow Saw
18:24 Heavy Plow
20:18 Wheelbarrow
23:26 Stone Mining
28:40 Stone Shaft Mining
29:24 Caravan
29:36 Forging
29:26 Scale Mail Armor
29:31 Scale Barding Armor
29:17 Fletching
29:27 Padded Archer Armor
32:08 Imperial Age
29:50 Town Watch
30:28 Treadmill Crane
30:59 Masonry
31:10 Ballistics
30:47 Murder Holes
33:09 Hand Cart
33:57 Two-Man Saw
33:29 Crop Rotation
34:33 Chemistry
33:36 Bodkin Arrow
34:02 Chain Barding Armor
33:58 Leather Archer Armor
33:59 Chain Mail Armor
34:19 Iron Casting
34:23 Hoardings
34:00 Bracer
35:15 Paper Money
35:08 Squires
36:50 Bloodlines
36:40 Husbandry
36:01 Elite Battle Elephant
36:58 Chatras
38:27 Thumb Ring
39:23 Ring Archer Armor
39:04 Elite Rattan Archer
40:36 Pikeman
44:42 Man-at-Arms
45:50 Long Swordsman
47:33 Two-Handed Swordsman
49:41 Plate Mail Armor
49:46 Plate Barding Armor
Seres
10:54 Feudal Age
11:13 Loom
14:14 Loom
16:51 Castle Age
15:15 Double-Bit Axe
15:31 Horse Collar
19:08 Caravan
22:17 Gold Mining
22:26 Stone Mining
24:17 Gold Shaft Mining
24:16 Bow Saw
24:43 Heavy Plow
30:03 Wheelbarrow
29:15 Town Watch
32:58 Imperial Age
31:00 Fletching
31:10 Padded Archer Armor
31:11 Scale Mail Armor
32:16 Yeomen
32:38 Bodkin Arrow
32:59 Leather Archer Armor
33:49 Chain Mail Armor
33:57 Ballistics
34:39 Chemistry
33:25 Arrowslits
33:36 Murder Holes
33:32 Heated Shot
33:23 Treadmill Crane
33:52 Elite Longbowman
35:26 Conscription
35:52 Hand Cart
35:39 Bracer
36:28 Ring Archer Armor
36:49 Plate Mail Armor
49:17 Scale Barding Armor
49:23 Forging
49:26 Fortified Wall
49:06 Guard Tower
49:27 Masonry
49:23 Siege Engineers
49:28 Careening
49:29 Clinker Construction
49:20 Town Patrol
Wolf
0:33 Loom
13:24 Feudal Age
19:20 Double-Bit Axe
22:34 Castle Age
21:12 Gold Mining
22:04 Wheelbarrow
24:39 Bow Saw
34:20 Imperial Age
34:07 Forging
33:57 Scale Mail Armor
35:24 Iron Casting
35:04 Caravan
35:35 Coinage
37:06 Two-Man Saw
36:12 Anarchy
35:33 Elite Huskarl
36:46 Hand Cart
38:07 Chemistry
36:33 Pikeman
37:13 Squires
38:18 Blast Furnace
37:33 Chain Mail Armor
37:33 Halberdier
38:17 Perfusion
38:29 Elite Huskarl
39:35 Conscription
yvetteabernathydam
1:38 Loom
11:32 Feudal Age
15:38 Castle Age
13:56 Double-Bit Axe
14:05 Horse Collar
17:30 Bow Saw
17:22 Heavy Plow
20:29 Wheelbarrow
22:57 Gold Mining
25:37 Hand Cart
28:46 Imperial Age
26:04 Town Watch
26:50 Fletching
27:01 Padded Archer Armor
28:28 Ballistics
28:09 Bodkin Arrow
28:29 Leather Archer Armor
28:51 Elite Elephant Archer
29:40 Bracer
31:03 Ring Archer Armor
31:36 Chemistry
31:33 Conscription
32:37 Two-Man Saw
32:06 Forging
33:05 Stone Mining
33:30 Murder Holes
34:12 Medical Corps
34:45 Wootz Steel
34:32 Husbandry
35:14 Masonry
35:33 Heated Shot
36:35 Hoardings
41:02 Block Printing
41:49 Thumb Ring
41:55 Thumb Ring
47:10 Iron Casting
46:37 Scale Mail Armor
48:59 Bombard Tower
marcospett
0:47 Loom
12:51 Feudal Age
14:13 Wheelbarrow
13:28 Double-Bit Axe
13:26 Horse Collar
14:20 Stone Mining
18:15 Gold Mining
24:40 Castle Age
24:16 Forging
24:06 Scale Mail Armor
24:12 Scale Barding Armor
26:20 Hand Cart
26:07 Heavy Plow
26:21 Bow Saw
26:49 Stone Shaft Mining
27:22 Caravan
32:12 Husbandry
32:22 Bloodlines
37:41 Imperial Age
36:09 Iron Casting
35:25 Fletching
35:35 Padded Archer Armor
36:43 Masonry
36:44 Fortified Wall
36:29 Murder Holes
37:01 Chain Barding Armor
36:56 Chain Mail Armor
37:53 Bodkin Arrow
37:47 Cavalier
39:44 Blast Furnace
39:15 Plate Mail Armor
39:20 Plate Barding Armor
39:10 Conscription
39:25 Architecture
39:56 Chemistry
39:35 Bracer
39:51 Leather Archer Armor
41:56 Ring Archer Armor
41:20 Paladin
43:56 Two-Man Saw
43:34 Onager
Connection lost

Rejoining the realm…

Still unreachable

The connection could not be restored.

Session expired

The server has moved on; the page needs a fresh start.